Workbook

Sheet Portfolio
A1: Suivi CAPEX/OPEX liés aux Kaizen — Portefeuille
A2: ID Kaizen | B2: Titre | C2: Département | D2: Statut projet | E2: Étape | F2: Responsable | G2: Fournisseur | H2: N° PO | I2: Date approbation | J2: Date réception | K2: Date mise en service | L2: Budget CAPEX € | M2: Budget OPEX € | N2: Budget total € | O2: Engagé CAPEX € | P2: Payé CAPEX € | Q2: Engagé OPEX € | R2: Payé OPEX € | S2: Total engagé € | T2: Total payé € | U2: Écart (engagé - budget) € | V2: % consommé (engagé/budget) | W2: Gains estimés €/an | X2: ROI attendu | Y2: Payback (mois) | Z2: Commentaires | AB2: Restant à engager € | AC2: Restant à payer € | AD2: Risque budget
A3: KZ-201 | B3: Capteur présence convoyeur | C3: Méthodes | D3: Approuvé | E3: Commande | F3: Y. Rahali | G3: TechMotion | H3: PO-4521 | L3: 1800 | M3: 0 | N3: =IF(SUM(L3:M3)>0, SUM(L3:M3), "") | O3: =IF(A3<>"", SUMIFS(Dépenses!$K:$K, Dépenses!$B:$B, A3, Dépenses!$C:$C, "CAPEX"), "") | P3: =IF(A3<>"", SUMIFS(Dépenses!$K:$K, Dépenses!$B:$B, A3, Dépenses!$C:$C, "CAPEX", Dépenses!$L:$L, "Payé"), "") | Q3: =IF(A3<>"", SUMIFS(Dépenses!$K:$K, Dépenses!$B:$B, A3, Dépenses!$C:$C, "OPEX"), "") | R3: =IF(A3<>"", SUMIFS(Dépenses!$K:$K, Dépenses!$B:$B, A3, Dépenses!$C:$C, "OPEX", Dépenses!$L:$L, "Payé"), "") | S3: =IF(SUM(O3,Q3)>0, SUM(O3,Q3), "") | T3: =IF(SUM(P3,R3)>0, SUM(P3,R3), "") | U3: =IF(N3>0, S3-N3, "") | V3: =IF(N3>0, S3/N3, "") | W3: 7000 | Z3: Sécurité + TRS | AA3: =IF(AND(Y3>0,N3>0), N3/(Y3/12), "") | AB3: =IF(N3>0, MAX(N3-S3, 0), "") | AC3: =IF(S3>0, MAX(S3-T3, 0), "") | AD3: =IF(V3="", "", IF(V3>1, "Dépassement", IF(V3>=0.9, "À surveiller", "OK")))
A4: KZ-202 | B4: Shadow board 5S îlot A | C4: Production | D4: Approuvé | E4: Réception | F4: L. Saidi | G4: LeanTools | H4: PO-4522 | L4: 200 | M4: 0 | N4: =IF(SUM(L4:M4)>0, SUM(L4:M4), "") | O4: =IF(A4<>"", SUMIFS(Dépenses!$K:$K, Dépenses!$B:$B, A4, Dépenses!$C:$C, "CAPEX"), "") | P4: =IF(A4<>"", SUMIFS(Dépenses!$K:$K, Dépenses!$B:$B, A4, Dépenses!$C:$C, "CAPEX", Dépenses!$L:$L, "Payé"), "") | Q4: =IF(A4<>"", SUMIFS(Dépenses!$K:$K, Dépenses!$B:$B, A4, Dépenses!$C:$C, "OPEX"), "") | R4: =IF(A4<>"", SUMIFS(Dépenses!$K:$K, Dépenses!$B:$B, A4, Dépenses!$C:$C, "OPEX", Dépenses!$L:$L, "Payé"), "") | S4: =IF(SUM(O4,Q4)>0, SUM(O4,Q4), "") | T4: =IF(SUM(P4,R4)>0, SUM(P4,R4), "") | U4: =IF(N4>0, S4-N4, "") | V4: =IF(N4>0, S4/N4, "") | W4: 1200 | Z4: Organisation poste | AA4: =IF(AND(Y4>0,N4>0), N4/(Y4/12), "") | AB4: =IF(N4>0, MAX(N4-S4, 0), "") | AC4: =IF(S4>0, MAX(S4-T4, 0), "") | AD4: =IF(V4="", "", IF(V4>1, "Dépassement", IF(V4>=0.9, "À surveiller", "OK")))
A5: KZ-203 | B5: VSM + plan d’actions flux A→B | C5: Amélioration Continue | D5: Planifié | E5: Business case | F5: S. Nouira | G5: — | L5: 1500 | M5: 300 | N5: =IF(SUM(L5:M5)>0, SUM(L5:M5), "") | O5: =IF(A5<>"", SUMIFS(Dépenses!$K:$K, Dépenses!$B:$B, A5, Dépenses!$C:$C, "CAPEX"), "") | P5: =IF(A5<>"", SUMIFS(Dépenses!$K:$K, Dépenses!$B:$B, A5, Dépenses!$C:$C, "CAPEX", Dépenses!$L:$L, "Payé"), "") | Q5: =IF(A5<>"", SUMIFS(Dépenses!$K:$K, Dépenses!$B:$B, A5, Dépenses!$C:$C, "OPEX"), "") | R5: =IF(A5<>"", SUMIFS(Dépenses!$K:$K, Dépenses!$B:$B, A5, Dépenses!$C:$C, "OPEX", Dépenses!$L:$L, "Payé"), "") | S5: =IF(SUM(O5,Q5)>0, SUM(O5,Q5), "") | T5: =IF(SUM(P5,R5)>0, SUM(P5,R5), "") | U5: =IF(N5>0, S5-N5, "") | V5: =IF(N5>0, S5/N5, "") | W5: 7500 | Z5: Gaspillages transport/attente | AA5: =IF(AND(Y5>0,N5>0), N5/(Y5/12), "") | AB5: =IF(N5>0, MAX(N5-S5, 0), "") | AC5: =IF(S5>0, MAX(S5-T5, 0), "") | AD5: =IF(V5="", "", IF(V5>1, "Dépassement", IF(V5>=0.9, "À surveiller", "OK")))
A6: KZ-204 | B6: Poka-Yoke orientation pièce #12 | C6: Qualité | D6: Approuvé | E6: Commande | F6: B. Idrissi | G6: QualiSense | H6: PO-4550 | L6: 1100 | M6: 0 | N6: =IF(SUM(L6:M6)>0, SUM(L6:M6), "") | O6: =IF(A6<>"", SUMIFS(Dépenses!$K:$K, Dépenses!$B:$B, A6, Dépenses!$C:$C, "CAPEX"), "") | P6: =IF(A6<>"", SUMIFS(Dépenses!$K:$K, Dépenses!$B:$B, A6, Dépenses!$C:$C, "CAPEX", Dépenses!$L:$L, "Payé"), "") | Q6: =IF(A6<>"", SUMIFS(Dépenses!$K:$K, Dépenses!$B:$B, A6, Dépenses!$C:$C, "OPEX"), "") | R6: =IF(A6<>"", SUMIFS(Dépenses!$K:$K, Dépenses!$B:$B, A6, Dépenses!$C:$C, "OPEX", Dépenses!$L:$L, "Payé"), "") | S6: =IF(SUM(O6,Q6)>0, SUM(O6,Q6), "") | T6: =IF(SUM(P6,R6)>0, SUM(P6,R6), "") | U6: =IF(N6>0, S6-N6, "") | V6: =IF(N6>0, S6/N6, "") | W6: 6800 | Z6: Qualité produit | AA6: =IF(AND(Y6>0,N6>0), N6/(Y6/12), "") | AB6: =IF(N6>0, MAX(N6-S6, 0), "") | AC6: =IF(S6>0, MAX(S6-T6, 0), "") | AD6: =IF(V6="", "", IF(V6>1, "Dépassement", IF(V6>=0.9, "À surveiller", "OK")))
A7: KZ-205 | B7: EPI auto-contrôle digital | C7: HSE | D7: Approuvé | E7: Mise en service | F7: M. Khouaja | G7: SecureTab | H7: PO-4561 | L7: 900 | M7: 0 | N7: =IF(SUM(L7:M7)>0, SUM(L7:M7), "") | O7: =IF(A7<>"", SUMIFS(Dépenses!$K:$K, Dépenses!$B:$B, A7, Dépenses!$C:$C, "CAPEX"), "") | P7: =IF(A7<>"", SUMIFS(Dépenses!$K:$K, Dépenses!$B:$B, A7, Dépenses!$C:$C, "CAPEX", Dépenses!$L:$L, "Payé"), "") | Q7: =IF(A7<>"", SUMIFS(Dépenses!$K:$K, Dépenses!$B:$B, A7, Dépenses!$C:$C, "OPEX"), "") | R7: =IF(A7<>"", SUMIFS(Dépenses!$K:$K, Dépenses!$B:$B, A7, Dépenses!$C:$C, "OPEX", Dépenses!$L:$L, "Payé"), "") | S7: =IF(SUM(O7,Q7)>0, SUM(O7,Q7), "") | T7: =IF(SUM(P7,R7)>0, SUM(P7,R7), "") | U7: =IF(N7>0, S7-N7, "") | V7: =IF(N7>0, S7/N7, "") | W7: 0 | Z7: Conformité EPI | AA7: =IF(AND(Y7>0,N7>0), N7/(Y7/12), "") | AB7: =IF(N7>0, MAX(N7-S7, 0), "") | AC7: =IF(S7>0, MAX(S7-T7, 0), "") | AD7: =IF(V7="", "", IF(V7>1, "Dépassement", IF(V7>=0.9, "À surveiller", "OK")))
N8: =IF(SUM(L8:M8)>0, SUM(L8:M8), "") | O8: =IF(A8<>"", SUMIFS(Dépenses!$K:$K, Dépenses!$B:$B, A8, Dépenses!$C:$C, "CAPEX"), "") | P8: =IF(A8<>"", SUMIFS(Dépenses!$K:$K, Dépenses!$B:$B, A8, Dépenses!$C:$C, "CAPEX", Dépenses!$L:$L, "Payé"), "") | Q8: =IF(A8<>"", SUMIFS(Dépenses!$K:$K, Dépenses!$B:$B, A8, Dépenses!$C:$C, "OPEX"), "") | R8: =IF(A8<>"", SUMIFS(Dépenses!$K:$K, Dépenses!$B:$B, A8, Dépenses!$C:$C, "OPEX", Dépenses!$L:$L, "Payé"), "") | S8: =IF(SUM(O8,Q8)>0, SUM(O8,Q8), "") | T8: =IF(SUM(P8,R8)>0, SUM(P8,R8), "") | U8: =IF(N8>0, S8-N8, "") | V8: =IF(N8>0, S8/N8, "") | Z8: =IF(AND(Y8>0,N8>0), Y8/N8, "") | AA8: =IF(AND(Y8>0,N8>0), N8/(Y8/12), "") | AB8: =IF(N8>0, MAX(N8-S8, 0), "") | AC8: =IF(S8>0, MAX(S8-T8, 0), "") | AD8: =IF(V8="", "", IF(V8>1, "Dépassement", IF(V8>=0.9, "À surveiller", "OK")))
N9: =IF(SUM(L9:M9)>0, SUM(L9:M9), "") | O9: =IF(A9<>"", SUMIFS(Dépenses!$K:$K, Dépenses!$B:$B, A9, Dépenses!$C:$C, "CAPEX"), "") | P9: =IF(A9<>"", SUMIFS(Dépenses!$K:$K, Dépenses!$B:$B, A9, Dépenses!$C:$C, "CAPEX", Dépenses!$L:$L, "Payé"), "") | Q9: =IF(A9<>"", SUMIFS(Dépenses!$K:$K, Dépenses!$B:$B, A9, Dépenses!$C:$C, "OPEX"), "") | R9: =IF(A9<>"", SUMIFS(Dépenses!$K:$K, Dépenses!$B:$B, A9, Dépenses!$C:$C, "OPEX", Dépenses!$L:$L, "Payé"), "") | S9: =IF(SUM(O9,Q9)>0, SUM(O9,Q9), "") | T9: =IF(SUM(P9,R9)>0, SUM(P9,R9), "") | U9: =IF(N9>0, S9-N9, "") | V9: =IF(N9>0, S9/N9, "") | Z9: =IF(AND(Y9>0,N9>0), Y9/N9, "") | AA9: =IF(AND(Y9>0,N9>0), N9/(Y9/12), "") | AB9: =IF(N9>0, MAX(N9-S9, 0), "") | AC9: =IF(S9>0, MAX(S9-T9, 0), "") | AD9: =IF(V9="", "", IF(V9>1, "Dépassement", IF(V9>=0.9, "À surveiller", "OK")))
N10: =IF(SUM(L10:M10)>0, SUM(L10:M10), "") | O10: =IF(A10<>"", SUMIFS(Dépenses!$K:$K, Dépenses!$B:$B, A10, Dépenses!$C:$C, "CAPEX"), "") | P10: =IF(A10<>"", SUMIFS(Dépenses!$K:$K, Dépenses!$B:$B, A10, Dépenses!$C:$C, "CAPEX", Dépenses!$L:$L, "Payé"), "") | Q10: =IF(A10<>"", SUMIFS(Dépenses!$K:$K, Dépenses!$B:$B, A10, Dépenses!$C:$C, "OPEX"), "") | R10: =IF(A10<>"", SUMIFS(Dépenses!$K:$K, Dépenses!$B:$B, A10, Dépenses!$C:$C, "OPEX", Dépenses!$L:$L, "Payé"), "") | S10: =IF(SUM(O10,Q10)>0, SUM(O10,Q10), "") | T10: =IF(SUM(P10,R10)>0, SUM(P10,R10), "") | U10: =IF(N10>0, S10-N10, "") | V10: =IF(N10>0, S10/N10, "") | Z10: =IF(AND(Y10>0,N10>0), Y10/N10, "") | AA10: =IF(AND(Y10>0,N10>0), N10/(Y10/12), "") | AB10: =IF(N10>0, MAX(N10-S10, 0), "") | AC10: =IF(S10>0, MAX(S10-T10, 0), "") | AD10: =IF(V10="", "", IF(V10>1, "Dépassement", IF(V10>=0.9, "À surveiller", "OK")))
N11: =IF(SUM(L11:M11)>0, SUM(L11:M11), "") | O11: =IF(A11<>"", SUMIFS(Dépenses!$K:$K, Dépenses!$B:$B, A11, Dépenses!$C:$C, "CAPEX"), "") | P11: =IF(A11<>"", SUMIFS(Dépenses!$K:$K, Dépenses!$B:$B, A11, Dépenses!$C:$C, "CAPEX", Dépenses!$L:$L, "Payé"), "") | Q11: =IF(A11<>"", SUMIFS(Dépenses!$K:$K, Dépenses!$B:$B, A11, Dépenses!$C:$C, "OPEX"), "") | R11: =IF(A11<>"", SUMIFS(Dépenses!$K:$K, Dépenses!$B:$B, A11, Dépenses!$C:$C, "OPEX", Dépenses!$L:$L, "Payé"), "") | S11: =IF(SUM(O11,Q11)>0, SUM(O11,Q11), "") | T11: =IF(SUM(P11,R11)>0, SUM(P11,R11), "") | U11: =IF(N11>0, S11-N11, "") | V11: =IF(N11>0, S11/N11, "") | Z11: =IF(AND(Y11>0,N11>0), Y11/N11, "") | AA11: =IF(AND(Y11>0,N11>0), N11/(Y11/12), "") | AB11: =IF(N11>0, MAX(N11-S11, 0), "") | AC11: =IF(S11>0, MAX(S11-T11, 0), "") | AD11: =IF(V11="", "", IF(V11>1, "Dépassement", IF(V11>=0.9, "À surveiller", "OK")))
N12: =IF(SUM(L12:M12)>0, SUM(L12:M12), "") | O12: =IF(A12<>"", SUMIFS(Dépenses!$K:$K, Dépenses!$B:$B, A12, Dépenses!$C:$C, "CAPEX"), "") | P12: =IF(A12<>"", SUMIFS(Dépenses!$K:$K, Dépenses!$B:$B, A12, Dépenses!$C:$C, "CAPEX", Dépenses!$L:$L, "Payé"), "") | Q12: =IF(A12<>"", SUMIFS(Dépenses!$K:$K, Dépenses!$B:$B, A12, Dépenses!$C:$C, "OPEX"), "") | R12: =IF(A12<>"", SUMIFS(Dépenses!$K:$K, Dépenses!$B:$B, A12, Dépenses!$C:$C, "OPEX", Dépenses!$L:$L, "Payé"), "") | S12: =IF(SUM(O12,Q12)>0, SUM(O12,Q12), "") | T12: =IF(SUM(P12,R12)>0, SUM(P12,R12), "") | U12: =IF(N12>0, S12-N12, "") | V12: =IF(N12>0, S12/N12, "") | Z12: =IF(AND(Y12>0,N12>0), Y12/N12, "") | AA12: =IF(AND(Y12>0,N12>0), N12/(Y12/12), "") | AB12: =IF(N12>0, MAX(N12-S12, 0), "") | AC12: =IF(S12>0, MAX(S12-T12, 0), "") | AD12: =IF(V12="", "", IF(V12>1, "Dépassement", IF(V12>=0.9, "À surveiller", "OK")))
N13: =IF(SUM(L13:M13)>0, SUM(L13:M13), "") | O13: =IF(A13<>"", SUMIFS(Dépenses!$K:$K, Dépenses!$B:$B, A13, Dépenses!$C:$C, "CAPEX"), "") | P13: =IF(A13<>"", SUMIFS(Dépenses!$K:$K, Dépenses!$B:$B, A13, Dépenses!$C:$C, "CAPEX", Dépenses!$L:$L, "Payé"), "") | Q13: =IF(A13<>"", SUMIFS(Dépenses!$K:$K, Dépenses!$B:$B, A13, Dépenses!$C:$C, "OPEX"), "") | R13: =IF(A13<>"", SUMIFS(Dépenses!$K:$K, Dépenses!$B:$B, A13, Dépenses!$C:$C, "OPEX", Dépenses!$L:$L, "Payé"), "") | S13: =IF(SUM(O13,Q13)>0, SUM(O13,Q13), "") | T13: =IF(SUM(P13,R13)>0, SUM(P13,R13), "") | U13: =IF(N13>0, S13-N13, "") | V13: =IF(N13>0, S13/N13, "") | Z13: =IF(AND(Y13>0,N13>0), Y13/N13, "") | AA13: =IF(AND(Y13>0,N13>0), N13/(Y13/12), "") | AB13: =IF(N13>0, MAX(N13-S13, 0), "") | AC13: =IF(S13>0, MAX(S13-T13, 0), "") | AD13: =IF(V13="", "", IF(V13>1, "Dépassement", IF(V13>=0.9, "À surveiller", "OK")))
N14: =IF(SUM(L14:M14)>0, SUM(L14:M14), "") | O14: =IF(A14<>"", SUMIFS(Dépenses!$K:$K, Dépenses!$B:$B, A14, Dépenses!$C:$C, "CAPEX"), "") | P14: =IF(A14<>"", SUMIFS(Dépenses!$K:$K, Dépenses!$B:$B, A14, Dépenses!$C:$C, "CAPEX", Dépenses!$L:$L, "Payé"), "") | Q14: =IF(A14<>"", SUMIFS(Dépenses!$K:$K, Dépenses!$B:$B, A14, Dépenses!$C:$C, "OPEX"), "") | R14: =IF(A14<>"", SUMIFS(Dépenses!$K:$K, Dépenses!$B:$B, A14, Dépenses!$C:$C, "OPEX", Dépenses!$L:$L, "Payé"), "") | S14: =IF(SUM(O14,Q14)>0, SUM(O14,Q14), "") | T14: =IF(SUM(P14,R14)>0, SUM(P14,R14), "") | U14: =IF(N14>0, S14-N14, "") | V14: =IF(N14>0, S14/N14, "") | Z14: =IF(AND(Y14>0,N14>0), Y14/N14, "") | AA14: =IF(AND(Y14>0,N14>0), N14/(Y14/12), "") | AB14: =IF(N14>0, MAX(N14-S14, 0), "") | AC14: =IF(S14>0, MAX(S14-T14, 0), "") | AD14: =IF(V14="", "", IF(V14>1, "Dépassement", IF(V14>=0.9, "À surveiller", "OK")))
N15: =IF(SUM(L15:M15)>0, SUM(L15:M15), "") | O15: =IF(A15<>"", SUMIFS(Dépenses!$K:$K, Dépenses!$B:$B, A15, Dépenses!$C:$C, "CAPEX"), "") | P15: =IF(A15<>"", SUMIFS(Dépenses!$K:$K, Dépenses!$B:$B, A15, Dépenses!$C:$C, "CAPEX", Dépenses!$L:$L, "Payé"), "") | Q15: =IF(A15<>"", SUMIFS(Dépenses!$K:$K, Dépenses!$B:$B, A15, Dépenses!$C:$C, "OPEX"), "") | R15: =IF(A15<>"", SUMIFS(Dépenses!$K:$K, Dépenses!$B:$B, A15, Dépenses!$C:$C, "OPEX", Dépenses!$L:$L, "Payé"), "") | S15: =IF(SUM(O15,Q15)>0, SUM(O15,Q15), "") | T15: =IF(SUM(P15,R15)>0, SUM(P15,R15), "") | U15: =IF(N15>0, S15-N15, "") | V15: =IF(N15>0, S15/N15, "") | Z15: =IF(AND(Y15>0,N15>0), Y15/N15, "") | AA15: =IF(AND(Y15>0,N15>0), N15/(Y15/12), "") | AB15: =IF(N15>0, MAX(N15-S15, 0), "") | AC15: =IF(S15>0, MAX(S15-T15, 0), "") | AD15: =IF(V15="", "", IF(V15>1, "Dépassement", IF(V15>=0.9, "À surveiller", "OK")))
N16: =IF(SUM(L16:M16)>0, SUM(L16:M16), "") | O16: =IF(A16<>"", SUMIFS(Dépenses!$K:$K, Dépenses!$B:$B, A16, Dépenses!$C:$C, "CAPEX"), "") | P16: =IF(A16<>"", SUMIFS(Dépenses!$K:$K, Dépenses!$B:$B, A16, Dépenses!$C:$C, "CAPEX", Dépenses!$L:$L, "Payé"), "") | Q16: =IF(A16<>"", SUMIFS(Dépenses!$K:$K, Dépenses!$B:$B, A16, Dépenses!$C:$C, "OPEX"), "") | R16: =IF(A16<>"", SUMIFS(Dépenses!$K:$K, Dépenses!$B:$B, A16, Dépenses!$C:$C, "OPEX", Dépenses!$L:$L, "Payé"), "") | S16: =IF(SUM(O16,Q16)>0, SUM(O16,Q16), "") | T16: =IF(SUM(P16,R16)>0, SUM(P16,R16), "") | U16: =IF(N16>0, S16-N16, "") | V16: =IF(N16>0, S16/N16, "") | Z16: =IF(AND(Y16>0,N16>0), Y16/N16, "") | AA16: =IF(AND(Y16>0,N16>0), N16/(Y16/12), "") | AB16: =IF(N16>0, MAX(N16-S16, 0), "") | AC16: =IF(S16>0, MAX(S16-T16, 0), "") | AD16: =IF(V16="", "", IF(V16>1, "Dépassement", IF(V16>=0.9, "À surveiller", "OK")))
N17: =IF(SUM(L17:M17)>0, SUM(L17:M17), "") | O17: =IF(A17<>"", SUMIFS(Dépenses!$K:$K, Dépenses!$B:$B, A17, Dépenses!$C:$C, "CAPEX"), "") | P17: =IF(A17<>"", SUMIFS(Dépenses!$K:$K, Dépenses!$B:$B, A17, Dépenses!$C:$C, "CAPEX", Dépenses!$L:$L, "Payé"), "") | Q17: =IF(A17<>"", SUMIFS(Dépenses!$K:$K, Dépenses!$B:$B, A17, Dépenses!$C:$C, "OPEX"), "") | R17: =IF(A17<>"", SUMIFS(Dépenses!$K:$K, Dépenses!$B:$B, A17, Dépenses!$C:$C, "OPEX", Dépenses!$L:$L, "Payé"), "") | S17: =IF(SUM(O17,Q17)>0, SUM(O17,Q17), "") | T17: =IF(SUM(P17,R17)>0, SUM(P17,R17), "") | U17: =IF(N17>0, S17-N17, "") | V17: =IF(N17>0, S17/N17, "") | Z17: =IF(AND(Y17>0,N17>0), Y17/N17, "") | AA17: =IF(AND(Y17>0,N17>0), N17/(Y17/12), "") | AB17: =IF(N17>0, MAX(N17-S17, 0), "") | AC17: =IF(S17>0, MAX(S17-T17, 0), "") | AD17: =IF(V17="", "", IF(V17>1, "Dépassement", IF(V17>=0.9, "À surveiller", "OK")))
N18: =IF(SUM(L18:M18)>0, SUM(L18:M18), "") | O18: =IF(A18<>"", SUMIFS(Dépenses!$K:$K, Dépenses!$B:$B, A18, Dépenses!$C:$C, "CAPEX"), "") | P18: =IF(A18<>"", SUMIFS(Dépenses!$K:$K, Dépenses!$B:$B, A18, Dépenses!$C:$C, "CAPEX", Dépenses!$L:$L, "Payé"), "") | Q18: =IF(A18<>"", SUMIFS(Dépenses!$K:$K, Dépenses!$B:$B, A18, Dépenses!$C:$C, "OPEX"), "") | R18: =IF(A18<>"", SUMIFS(Dépenses!$K:$K, Dépenses!$B:$B, A18, Dépenses!$C:$C, "OPEX", Dépenses!$L:$L, "Payé"), "") | S18: =IF(SUM(O18,Q18)>0, SUM(O18,Q18), "") | T18: =IF(SUM(P18,R18)>0, SUM(P18,R18), "") | U18: =IF(N18>0, S18-N18, "") | V18: =IF(N18>0, S18/N18, "") | Z18: =IF(AND(Y18>0,N18>0), Y18/N18, "") | AA18: =IF(AND(Y18>0,N18>0), N18/(Y18/12), "") | AB18: =IF(N18>0, MAX(N18-S18, 0), "") | AC18: =IF(S18>0, MAX(S18-T18, 0), "") | AD18: =IF(V18="", "", IF(V18>1, "Dépassement", IF(V18>=0.9, "À surveiller", "OK")))
N19: =IF(SUM(L19:M19)>0, SUM(L19:M19), "") | O19: =IF(A19<>"", SUMIFS(Dépenses!$K:$K, Dépenses!$B:$B, A19, Dépenses!$C:$C, "CAPEX"), "") | P19: =IF(A19<>"", SUMIFS(Dépenses!$K:$K, Dépenses!$B:$B, A19, Dépenses!$C:$C, "CAPEX", Dépenses!$L:$L, "Payé"), "") | Q19: =IF(A19<>"", SUMIFS(Dépenses!$K:$K, Dépenses!$B:$B, A19, Dépenses!$C:$C, "OPEX"), "") | R19: =IF(A19<>"", SUMIFS(Dépenses!$K:$K, Dépenses!$B:$B, A19, Dépenses!$C:$C, "OPEX", Dépenses!$L:$L, "Payé"), "") | S19: =IF(SUM(O19,Q19)>0, SUM(O19,Q19), "") | T19: =IF(SUM(P19,R19)>0, SUM(P19,R19), "") | U19: =IF(N19>0, S19-N19, "") | V19: =IF(N19>0, S19/N19, "") | Z19: =IF(AND(Y19>0,N19>0), Y19/N19, "") | AA19: =IF(AND(Y19>0,N19>0), N19/(Y19/12), "") | AB19: =IF(N19>0, MAX(N19-S19, 0), "") | AC19: =IF(S19>0, MAX(S19-T19, 0), "") | AD19: =IF(V19="", "", IF(V19>1, "Dépassement", IF(V19>=0.9, "À surveiller", "OK")))
... N1002: =IF(SUM(L1002:M1002)>0, SUM(L1002:M1002), "") | O1002: =IF(A1002<>"", SUMIFS(Dépenses!$K:$K, Dépenses!$B:$B, A1002, Dépenses!$C:$C, "CAPEX"), "") | P1002: =IF(A1002<>"", SUMIFS(Dépenses!$K:$K, Dépenses!$B:$B, A1002, Dépenses!$C:$C, "CAPEX", Dépenses!$L:$L, "Payé"), "") | Q1002: =IF(A1002<>"", SUMIFS(Dépenses!$K:$K, Dépenses!$B:$B, A1002, Dépenses!$C:$C, "OPEX"), "") | R1002: =IF(A1002<>"", SUMIFS(Dépenses!$K:$K, Dépenses!$B:$B, A1002, Dépenses!$C:$C, "OPEX", Dépenses!$L:$L, "Payé"), "") | S1002: =IF(SUM(O1002,Q1002)>0, SUM(O1002,Q1002), "") | T1002: =IF(SUM(P1002,R1002)>0, SUM(P1002,R1002), "") | U1002: =IF(N1002>0, S1002-N1002, "") | V1002: =IF(N1002>0, S1002/N1002, "") | Z1002: =IF(AND(Y1002>0,N1002>0), Y1002/N1002, "") | AA1002: =IF(AND(Y1002>0,N1002>0), N1002/(Y1002/12), "") | AB1002: =IF(N1002>0, MAX(N1002-S1002, 0), "") | AC1002: =IF(S1002>0, MAX(S1002-T1002, 0), "") | AD1002: =IF(V1002="", "", IF(V1002>1, "Dépassement", IF(V1002>=0.9, "À surveiller", "OK")))

Sheet Dépenses
A1: Journal des dépenses CAPEX/OPEX
A2: Date | B2: ID Kaizen | C2: Type (CAPEX/OPEX) | D2: Nature | E2: Fournisseur | F2: N° Facture | G2: N° PO | H2: Montant | I2: Devise | J2: Taux change | K2: Montant EUR | L2: Statut (Engagé/Facturé/Payé) | M2: Centre de coûts | N2: Département (auto) | O2: Commentaires
A3: 2025-09-02 | B3: KZ-201 | C3: CAPEX | D3: Matériel | E3: TechMotion | F3: F-7745 | G3: PO-4521 | H3: 1800 | I3: EUR | L3: Payé | M3: CAPEX-01 | O3: Achat capteur + câblage
A4: 2025-09-03 | B4: KZ-202 | C4: CAPEX | D4: Outils | E4: LeanTools | F4: F-7746 | G4: PO-4522 | H4: 200 | I4: EUR | L4: Payé | M4: CAPEX-02 | O4: Outils shadow board
A5: 2025-09-04 | B5: KZ-204 | C5: CAPEX | D5: Matériel | E5: QualiSense | F5: F-7750 | G5: PO-4550 | H5: 1100 | I5: EUR | L5: Engagé | M5: CAPEX-03 | O5: Poka-yoke pièces
A6: 2025-09-05 | B6: KZ-203 | C6: OPEX | D6: Service | E6: FlowConsult | F6: F-7752 | H6: 300 | I6: EUR | L6: Payé | M6: OPEX-AC | O6: VSM + formation
A7: 2025-09-06 | B7: KZ-201 | C7: CAPEX | D7: Service | E7: TechMotion | F7: F-7755 | G7: PO-4521 | H7: 250 | I7: EUR | L7: Facturé | M7: CAPEX-01 | O7: Installation capteur
A8: 2025-09-07 | B8: KZ-203 | C8: OPEX | D8: Service | E8: FlowConsult | F8: F-7758 | H8: 450 | I8: EUR | L8: Engagé | M8: OPEX-AC | O8: Atelier VSM J2
A9: 2025-09-08 | B9: KZ-205 | C9: CAPEX | D9: IT | E9: SecureTab | F9: F-7760 | G9: PO-4561 | H9: 900 | I9: EUR | L9: Payé | M9: CAPEX-IT | O9: Tablettes EPI
K10: =IF(I10="EUR", H10, IF(AND(H10<>"", J10<>""), H10*J10, "")) | N10: =IFERROR(XLOOKUP(B10, Portfolio[ID Kaizen], Portfolio[Département], ""), "")
K11: =IF(I11="EUR", H11, IF(AND(H11<>"", J11<>""), H11*J11, "")) | N11: =IFERROR(XLOOKUP(B11, Portfolio[ID Kaizen], Portfolio[Département], ""), "")
K12: =IF(I12="EUR", H12, IF(AND(H12<>"", J12<>""), H12*J12, "")) | N12: =IFERROR(XLOOKUP(B12, Portfolio[ID Kaizen], Portfolio[Département], ""), "")
K13: =IF(I13="EUR", H13, IF(AND(H13<>"", J13<>""), H13*J13, "")) | N13: =IFERROR(XLOOKUP(B13, Portfolio[ID Kaizen], Portfolio[Département], ""), "")
K14: =IF(I14="EUR", H14, IF(AND(H14<>"", J14<>""), H14*J14, "")) | N14: =IFERROR(XLOOKUP(B14, Portfolio[ID Kaizen], Portfolio[Département], ""), "")
K15: =IF(I15="EUR", H15, IF(AND(H15<>"", J15<>""), H15*J15, "")) | N15: =IFERROR(XLOOKUP(B15, Portfolio[ID Kaizen], Portfolio[Département], ""), "")
K16: =IF(I16="EUR", H16, IF(AND(H16<>"", J16<>""), H16*J16, "")) | N16: =IFERROR(XLOOKUP(B16, Portfolio[ID Kaizen], Portfolio[Département], ""), "")
K17: =IF(I17="EUR", H17, IF(AND(H17<>"", J17<>""), H17*J17, "")) | N17: =IFERROR(XLOOKUP(B17, Portfolio[ID Kaizen], Portfolio[Département], ""), "")
K18: =IF(I18="EUR", H18, IF(AND(H18<>"", J18<>""), H18*J18, "")) | N18: =IFERROR(XLOOKUP(B18, Portfolio[ID Kaizen], Portfolio[Département], ""), "")
K19: =IF(I19="EUR", H19, IF(AND(H19<>"", J19<>""), H19*J19, "")) | N19: =IFERROR(XLOOKUP(B19, Portfolio[ID Kaizen], Portfolio[Département], ""), "")
K20: =IF(I20="EUR", H20, IF(AND(H20<>"", J20<>""), H20*J20, "")) | N20: =IFERROR(XLOOKUP(B20, Portfolio[ID Kaizen], Portfolio[Département], ""), "")
K21: =IF(I21="EUR", H21, IF(AND(H21<>"", J21<>""), H21*J21, "")) | N21: =IFERROR(XLOOKUP(B21, Portfolio[ID Kaizen], Portfolio[Département], ""), "")
... K1002: =IF(I1002="EUR", H1002, IF(AND(H1002<>"", J1002<>""), H1002*J1002, "")) | N1002: =IFERROR(XLOOKUP(B1002, Portfolio[ID Kaizen], Portfolio[Département], ""), "")

Sheet Dashboard
A1: Dashboard CAPEX/OPEX — Kaizen
A3: Budget CAPEX (Portfolio) | B3: =SUM(Portfolio[Budget CAPEX €]) | D3: Type | E3: Budget | F3: Engagé | G3: Payé | I3: Année | J3: 2025
A4: Budget OPEX (Portfolio) | B4: =SUM(Portfolio[Budget OPEX €]) | D4: CAPEX | E4: =SUM(Portfolio[Budget CAPEX €]) | F4: =SUM(Portfolio[Engagé CAPEX €]) | G4: =SUM(Portfolio[Payé CAPEX €]) | I4: Mois | J4: Total payé (EUR)
A5: Total budget | B5: =SUM(Portfolio[Budget total €]) | D5: OPEX | E5: =SUM(Portfolio[Budget OPEX €]) | F5: =SUM(Portfolio[Engagé OPEX €]) | G5: =SUM(Portfolio[Payé OPEX €]) | I5: 1 | J5: =SUMIFS(Dépenses!$K:$K,Dépenses!$L:$L,"Payé",Dépenses!$A:$A,">="&DATE($J$3,1,1),Dépenses!$A:$A,"<"&EDATE(DATE($J$3,1,1),1))
A6: Total engagé | B6: =SUM(Portfolio[Total engagé €]) | I6: 2 | J6: =SUMIFS(Dépenses!$K:$K,Dépenses!$L:$L,"Payé",Dépenses!$A:$A,">="&DATE($J$3,2,1),Dépenses!$A:$A,"<"&EDATE(DATE($J$3,2,1),1))
A7: Total payé | B7: =SUM(Portfolio[Total payé €]) | I7: 3 | J7: =SUMIFS(Dépenses!$K:$K,Dépenses!$L:$L,"Payé",Dépenses!$A:$A,">="&DATE($J$3,3,1),Dépenses!$A:$A,"<"&EDATE(DATE($J$3,3,1),1))
A8: Écart engagé - budget | B8: =SUM(Portfolio[Écart (engagé - budget) €]) | I8: 4 | J8: =SUMIFS(Dépenses!$K:$K,Dépenses!$L:$L,"Payé",Dépenses!$A:$A,">="&DATE($J$3,4,1),Dépenses!$A:$A,"<"&EDATE(DATE($J$3,4,1),1))
A9: % consommé global | B9: =IF(B5>0, B6/B5,"") | I9: 5 | J9: =SUMIFS(Dépenses!$K:$K,Dépenses!$L:$L,"Payé",Dépenses!$A:$A,">="&DATE($J$3,5,1),Dépenses!$A:$A,"<"&EDATE(DATE($J$3,5,1),1))
I10: 6 | J10: =SUMIFS(Dépenses!$K:$K,Dépenses!$L:$L,"Payé",Dépenses!$A:$A,">="&DATE($J$3,6,1),Dépenses!$A:$A,"<"&EDATE(DATE($J$3,6,1),1))
I11: 7 | J11: =SUMIFS(Dépenses!$K:$K,Dépenses!$L:$L,"Payé",Dépenses!$A:$A,">="&DATE($J$3,7,1),Dépenses!$A:$A,"<"&EDATE(DATE($J$3,7,1),1))
I12: 8 | J12: =SUMIFS(Dépenses!$K:$K,Dépenses!$L:$L,"Payé",Dépenses!$A:$A,">="&DATE($J$3,8,1),Dépenses!$A:$A,"<"&EDATE(DATE($J$3,8,1),1))
I13: 9 | J13: =SUMIFS(Dépenses!$K:$K,Dépenses!$L:$L,"Payé",Dépenses!$A:$A,">="&DATE($J$3,9,1),Dépenses!$A:$A,"<"&EDATE(DATE($J$3,9,1),1))
I14: 10 | J14: =SUMIFS(Dépenses!$K:$K,Dépenses!$L:$L,"Payé",Dépenses!$A:$A,">="&DATE($J$3,10,1),Dépenses!$A:$A,"<"&EDATE(DATE($J$3,10,1),1))
I15: 11 | J15: =SUMIFS(Dépenses!$K:$K,Dépenses!$L:$L,"Payé",Dépenses!$A:$A,">="&DATE($J$3,11,1),Dépenses!$A:$A,"<"&EDATE(DATE($J$3,11,1),1))
I16: 12 | J16: =SUMIFS(Dépenses!$K:$K,Dépenses!$L:$L,"Payé",Dépenses!$A:$A,">="&DATE($J$3,12,1),Dépenses!$A:$A,"<"&EDATE(DATE($J$3,12,1),1))
I18: Département | J18: Payé (EUR)
I19: Production | J19: =SUMIFS(Dépenses!$K:$K, Dépenses!$N:$N, "Production", Dépenses!$L:$L, "Payé")
A20: Top 5 écarts (positifs) — Projets | I20: Maintenance | J20: =SUMIFS(Dépenses!$K:$K, Dépenses!$N:$N, "Maintenance", Dépenses!$L:$L, "Payé")
A21: ID | B21: Titre | C21: Écart € | D21: % consommé | I21: Qualité | J21: =SUMIFS(Dépenses!$K:$K, Dépenses!$N:$N, "Qualité", Dépenses!$L:$L, "Payé")
A22: =TAKE(SORTBY(FILTER(CHOOSEROWS(HSTACK(Portfolio[ID Kaizen],Portfolio[Titre],Portfolio[Écart (engagé - budget) €],Portfolio[% consommé (engagé/budget)]),SEQUENCE(ROWS(Portfolio[ID Kaizen]))),Portfolio[Écart (engagé - budget) €]>0),Portfolio[Écart (engagé - budget) €],-1),5) | I22: Logistique | J22: =SUMIFS(Dépenses!$K:$K, Dépenses!$N:$N, "Logistique", Dépenses!$L:$L, "Payé")
I23: Amélioration Continue | J23: =SUMIFS(Dépenses!$K:$K, Dépenses!$N:$N, "Amélioration Continue", Dépenses!$L:$L, "Payé")
I24: Méthodes | J24: =SUMIFS(Dépenses!$K:$K, Dépenses!$N:$N, "Méthodes", Dépenses!$L:$L, "Payé")
I25: HSE | J25: =SUMIFS(Dépenses!$K:$K, Dépenses!$N:$N, "HSE", Dépenses!$L:$L, "Payé")

Sheet Paramètres
A1: TypeDepense | B1: StatutTransaction | C1: StatutProjet | D1: Etapes | E1: Departements | F1: NatureDepense
A2: CAPEX | B2: Engagé | C2: Planifié | D2: Business case | E2: Production | F2: Matériel
A3: OPEX | B3: Facturé | C3: Approuvé | D3: Commande | E3: Maintenance | F3: Service
B4: Payé | C4: En cours | D4: Réception | E4: Qualité | F4: Formation
C5: Clôturé | D5: Mise en service | E5: Logistique | F5: Transport
C6: Annulé | E6: Amélioration Continue | F6: IT
E7: Méthodes | F7: Outils
E8: HSE | F8: Énergie
F9: Qualité
F10: Maintenance
